Map: Frost LE

Players

Gracz

  • Race: Protoss Protoss
  • League: Silver

CARDINAL

  • Race: Protoss Protoss
  • League: Silver

HAJPER

  • Race: Terran Terran

Lesiak

  • Race: Terran Terran
  • League: Silver

VOD

Have the link to the VOD?

Description

Time

  • Played on: Oct. 7, 2016, 1:09 p.m.
  • Length: 9:24
Show
View Real Time Build Order
Export as new Build Order

Gracz Protoss 

Build Orders:  

Get SALT Encoding   

  12  0:02  Probe (Chrono Boost)  
  13  0:17  Pylon  
  13  0:28  Probe (Chrono Boost)  
  14  0:38  Probe (Chrono Boost)  
  14  0:39  Gateway  
  15  0:49  Probe (Chrono Boost)  
  16  1:02  Assimilator  
  16  1:03  Assimilator  
  16  1:06  Probe (Chrono Boost)  
  17  1:17  Probe (Chrono Boost)  
  18  1:21  Pylon  
  18  1:26  Cybernetics Core  
  18  1:37  Pylon  
  18  1:44  Zealot  
  20  1:54  Gateway  
  20  2:05  Probe (Chrono Boost)  
  22  2:15  Probe (Chrono Boost)  
  22  2:26  Stalker, Warp Gate  
  22  2:28  Stargate  
  24  2:52  Pylon  
  24  2:53  Gateway  
  23  3:26  Stalker  
  25  3:51  Probe (Chrono Boost)  
  26  3:56  Stalker  
  26  4:01  Oracle  
  32  4:03  Probe (Chrono Boost)  
  26  4:53  Probe (Chrono Boost)  
  26  5:05  Probe (Chrono Boost)  
  27  5:16  Stalker x2  
  27  5:17  Probe (Chrono Boost)  
  27  5:19  Zealot  
  35  5:29  Probe (Chrono Boost)  
  35  5:50  Probe (Chrono Boost)  
  35  6:02  Probe (Chrono Boost)  
  32  6:13  Void Ray  
  34  6:30  Stalker  
  32  7:19  Probe (Chrono Boost)  
  33  7:28  Phoenix  
  33  7:29  Stalker  
  32  7:31  Probe (Chrono Boost)  
  26  8:12  Sentry  
Show
View Real Time Build Order
Export as new Build Order

CARDINAL Protoss 

Build Orders:  

Get SALT Encoding   

  12  0:01  SCV  
  13  0:14  SCV  
  14  0:25  Supply Depot  
  14  0:26  SCV  
  15  0:46  Refinery  
  15  0:47  SCV  
  16  0:52  Barracks  
  16  1:02  Barracks  
  16  1:06  SCV  
  17  1:18  SCV  
  18  1:33  SCV  
  18  1:39  Reaper  
  20  1:45  Supply Depot  
  20  1:49  Reaper  
  20  1:53  SCV  
  22  1:55  Refinery  
  22  2:05  SCV  
  23  2:38  Command Center  
  23  2:39  Factory  
  23  2:47  SCV  
  24  2:52  Reaper x2  
  26  2:59  SCV  
  27  3:10  Bunker  
  26  3:33  Factory Tech Lab  
  26  3:35  Starport, SCV  
  26  3:36  Barracks Reactor x2  
  27  3:49  Orbital Command  
  27  3:53  SCV  
  28  3:56  Barracks  
  28  4:01  Siege Tank  
  31  4:13  SCV  
  32  4:20  Supply Depot  
  32  4:22  Starport Reactor  
  32  4:23  SCV  
  33  4:25  SCV  
  34  4:37  SCV  
  35  4:44  Barracks  
  35  4:45  Barracks Tech Lab  
  35  4:49  SCV  
  35  4:50  Orbital Command  
  36  4:58  Refinery  
  35  5:01  Marine, Engineering Bay, SCV  
  35  5:02  Marine x2  
  33  5:27  Liberator  
  33  5:29  Missile Turret  
  33  5:32  Missile Turret  
  33  5:34  Missile Turret  
  33  5:37  Missile Turret  
  33  5:38  SCV  
  33  5:41  Siege Tank  
  40  5:50  Marine  
  40  6:04  Supply Depot  
  40  6:10  SCV  
  40  6:15  Supply Depot  
  40  6:16  Marine x3  
  43  6:19  SCV  
  43  6:23  Supply Depot, SCV  
  45  6:33  Liberator  
  45  6:35  SCV  
  45  6:40  Marine  
  45  6:41  Marine x3  
  45  6:44  Missile Turret  
  49  6:53  Siege Tank  
  55  6:56  SCV  
  55  6:58  Marine x2  
  58  7:01  Stimpack  
  58  7:03  Barracks Tech Lab  
  57  7:36  Armory  
  57  7:39  Combat Shields  
  57  7:42  Medivac  
  59  7:49  Medivac  
  59  7:50  SCV  
  61  7:53  Refinery  
  61  8:02  SCV  
  62  8:11  SCV  
  62  8:12  Medivac  
  65  8:28  Marine x2  
  65  8:30  Marine x2  
  65  8:31  Marine  
  70  8:40  Supply Depot  
  70  8:43  Supply Depot  
  70  8:51  Supply Depot  
  70  8:56  Marine x5, SCV  
  70  8:59  Marine  
Show
View Real Time Build Order
Export as new Build Order

HAJPER Terran 

Build Orders:  

Get SALT Encoding   

Show
View Real Time Build Order
Export as new Build Order

Lesiak Terran 

Build Orders:  

Get SALT Encoding   

Tags
 
Add a new tag
Caveats
  • Supply blocks, unpowered buildings, or Contaminate may cause inaccurate times.
  • Supply counts are checked every 10 seconds.